 Dungeon Crawl Stone Soup version 0.27-a0-1140-g099f9bb0e8 (webtiles) character file.

Game seed: 8276250535364632411

46 Vomitron the Sneak (level 3, -1/33 HPs)
             Began as a Minotaur Delver on May 10, 2021.
             Was an Initiate of Trog.
             Succumbed to Crazy Yiuf's poison
             ... on level 5 of the Dungeon.
             The game lasted 00:01:04 (161 turns).

Vomitron the Sneak (Minotaur Delver)                 Turns: 161, Time: 00:01:05

Health: -1/33      AC:  3    Str: 17    XL:     3   Next: 46%
Magic:  2/2        EV: 11    Int:  7    God:    Trog [......]
Gold:   0          SH:  0    Dex: 11    Spells: 2/2 levels left

rFire    . . .     SeeInvis .   a - +0 falchion
rCold    . . .     Faith    .   (no shield)
rNeg     . . .     Spirit   .   b - +0 leather armour
rPois    .         Reflect  .   (helmet restricted)
rElec    .         Harm     .   (no cloak)
rCorr    .         Rampage  .   (no gloves)
Will     .....                  (no boots)
Stlth    ++........             (no amulet)
HPRegen  0.11/turn              (no ring)
MPRegen  0.08/turn              (no ring)

@: lethally poisoned (-1 -> -13)
A: horns 2, retaliatory headbutt
a: Renounce Religion


You were on level 5 of the Dungeon.
You worshipped Trog.
Trog was noncommittal.
You visited 1 branch of the dungeon, and saw 1 of its levels.

Inventory:

Hand Weapons
 a - a +0 falchion (weapon)
Armour
 b - a +0 leather armour (worn)
Jewellery
 h - a ring of fire
Wands
 g - a wand of digging (3)
Scrolls
 c - a scroll of fog
 d - a scroll of magic mapping
 e - a scroll of fear
Potions
 f - a potion of haste


   Skills:
 + Level 4.1 Fighting
 * Level 3.7 Long Blades
 + Level 1.7 Armour
 - Level 2.1 Dodging
 - Level 4.1 Stealth


You had 2 spell levels left.
You didn't know any spells.
Your spell library was empty.

Dungeon Overview and Level Annotations

Branches:
Dungeon (5/15)
 Temple: D:4-7

Altars:
Ashenzari
Elyvilon
Nemelex Xobeh
Sif Muna
Trog

Annotations:
D:5 Crazy Yiuf


Innate Abilities, Weirdness & Mutations

You have a pair of horns on your head.
You reflexively headbutt those who attack you in melee.


Message History

Trog appreciates your killing of a magic user.
You hear a distant scream of rage.
Your Fighting skill increases to level 4!
Your Long Blades skill increases to level 3!
Your Armour skill increases to level 1!
You have reached level 2!
You have reached level 3!
Your experience leads to an increase in your attributes!
Increase (S)trength, (I)ntelligence, or (D)exterity?
You feel stronger.
Unknown command.
You start resting.
HP restored.
Things that are here:
a +0 dagger; a +0 robe
There is an open door here.
Found a mace.
Found a runed translucent door.
You open the door.
Crazy Yiuf shouts!
Crazy Yiuf cries, "Mountain!"
There is an open translucent door here.
You hit Crazy Yiuf but do no damage.
Crazy Yiuf hits you with a +3 quarterstaff of chaos.
Crazy Yiuf burns you.
Crazy Yiuf hits you with a +3 quarterstaff of chaos!
You barely miss Crazy Yiuf.
Crazy Yiuf hits you with a +3 quarterstaff of chaos!
* * * LOW HITPOINT WARNING * * *
You are lethally poisoned!
Unknown command.
Okay, then.
You completely miss Crazy Yiuf. Your headbutt misses Crazy Yiuf.
* * * LOW HITPOINT WARNING * * *
You feel very sick.
Crazy Yiuf screams, "Cholesterol!
Mama unthinkable hand."
Crazy Yiuf completely misses you.
You riposte.
You hit Crazy Yiuf.
Crazy Yiuf is lightly wounded.
You hit Crazy Yiuf but do no damage. You headbutt Crazy Yiuf.
Crazy Yiuf is lightly wounded.
You die...

.#
#...
##..##
#...
#....#
.....
#...##
.###
##.##
#.##
##.#
#.##
##.#
#@#
#.g.#
#...#
#..)#
#####


You could see Crazy Yiuf.

Vanquished Creatures
  Dowan (D:5)
1 creature vanquished.

Notes
Turn   | Place    | Note
-------+----------+-------------------------------------------
     0 | D:5      | Vomitron the Minotaur Delver began the quest for the Orb.
     0 | D:5      | Reached XP level 1. HP: 19/19 MP: 0/0
    19 | D:5      | Found a shimmering blue altar of Sif Muna.
    19 | D:5      | Found a faded altar of an unknown god.
    24 | D:5      | Found a sparkling altar of Nemelex Xobeh.
    26 | D:5      | Found a broken altar of Ashenzari.
    27 | D:5      | Found a bloodstained altar of Trog.
    42 | D:5      | Became a worshipper of Trog the Wrathful
    56 | D:5      | Found a white marble altar of Elyvilon.
    59 | D:5      | Noticed Dowan
    85 | D:5      | Killed Dowan
    86 | D:5      | Reached skill level 1 in Armour
    86 | D:5      | Reached XP level 2. HP: 23/27 MP: 1/1
    86 | D:5      | Reached XP level 3. HP: 28/33 MP: 2/2
   152 | D:5      | Found a runed translucent door.
   153 | D:5      | Noticed Crazy Yiuf
   161 | D:5      | Succumbed to Crazy Yiuf's poison

Illustrated notes

Levels and vault maps discovered:
D:5:      layout_cave_pools, overflow_temple_1_default, lemuel_doored_altar,
          chequers_temple_overflow_minitemple, kennysheep_little_box,
          hellmonk_ghost_happy_afterlife, minmay_crossroads,
          uniq_crazy_yiuf_cottage, uniq_duvessa

Skill      XL: |  1 |
---------------+----+-----
Fighting       | 4 |  4.1
Long Blades    | 3 |  3.7
Armour         | 1 |  1.7
Dodging        | |  2.1
Stealth        | |  4.1

Action                   || total
-------------------------++-------
Melee: Falchion          ||     9
       Headbutt          ||     3
Dodge: Dodged            ||     7
       Rpst.: Falchion   ||     3

Table legend: (Time is in decaauts)
 A = Elapsed time spent in this place.
 B = Non-inter-level travel time spent in this place.
 C = Inter-level travel time spent in this place.
 D = Time resting spent in this place.
 E = Time spent auto-exploring this place.
 F = Levels seen in this place.
 G = Mean time per level.
                   A        B        C        D        E       F      G
               +--------+--------+--------+--------+--------+-----+--------+
         Total |    162 |    162 |      0 |     50 |      7 |   1 |  162.0 |
       Dungeon |    162 |    162 |      0 |     50 |      7 |   1 |  162.0 |
               +--------+--------+--------+--------+--------+-----+--------+

Top non-repeatable levels by time:
     D:5: 162 daAuts
